 Dungeon Crawl Stone Soup version 0.20.0-15-g7f486f2 (webtiles) character file.

152301 polve the Brawler (level 17, -8/166 HPs)
             Began as a Troll Fighter on June 29, 2017.
             Was the Champion of Qazlal.
             Killed from afar by a Brimstone Fiend (39 damage)
             ... with damnation
             ... on level 1 of the Depths.
             The game lasted 00:42:37 (22899 turns).

polve the Brawler (Troll Fighter)                  Turns: 22899, Time: 00:42:38

Health: -8/166     AC: 12    Str: 28    XL:     17   Next: 2%
Magic:  0/20       EV: 15    Int:  4    God:    Qazlal [******]
Gold:   1818       SH: 32    Dex: 14    Spells: 16/16 levels left

rFire    + . .     SeeInvis +     - Unarmed
rCold    + . .     Gourm    +   r - +1 large shield {rN+}
rNeg     + . .     Faith    .   H - +0 troll leather armour
rPois    .         Spirit   +   g - +2 hat
rElec    +         Reflect  +   k - scarf {Spirit}
rCorr    .         Harm     .   (gloves unavailable)
MR       ++...                  (boots unavailable)
Stlth    +.........             j - +2 amulet of reflection
Regen    1.6/turn               o - ring of see invisible
MPRegen  0.2/turn               O - ring of the Robin {rElec rC+ Stlth+}

@: protected from fire, studying Hexes, repel missiles
A: unfitting armour, claws 3, icy blue scales 1, fast metabolism 3, gourmand,
low mp 1, magic resistance 1, regeneration 2, shaggy fur 1, tough skin 2
a: Upheaval, Elemental Force, Disaster Area, Renounce Religion


You were on level 1 of the Depths.
You worshipped Qazlal.
Qazlal was exalted by your worship.
You were very full.

You visited 4 branches of the dungeon, and saw 22 of its levels.

You collected 1818 gold pieces.

Inventory:

Hand Weapons
 b - the +9 dagger of Terror {drain, +Blink}
   (You found it on level 12 of the Dungeon)

   A truly terrible weapon, it drains the life of those it strikes.
   It lets you blink.
Missiles
 K - 16 large rocks (quivered)
Armour
 g - a +2 hat (worn)
 k - a scarf of spirit shield (worn)
 r - a +1 large shield of positive energy (worn)
 x - +0 ice dragon scales
 H - a +0 troll leather armour (worn)
Jewellery
 j - a +2 amulet of reflection (around neck)
 l - an uncursed amulet of regeneration {unknown}
 o - a ring of see invisible (left claw)
 O - the ring of the Robin (right claw) {rElec rC+ Stlth+}
   (You found it on level 12 of the Dungeon)

   [ring of stealth]

   It protects you from cold.
   It insulates you from electricity.
   It makes you more stealthy.
Wands
 y - a wand of scattershot (5/9)
 Q - a wand of disintegration (3/24)
Scrolls
 a - a scroll of enchant armour
 i - 2 scrolls of teleportation
 m - 5 scrolls of amnesia
 n - 5 scrolls of blinking
 p - 3 scrolls of remove curse
 q - 3 scrolls of enchant weapon
 t - 3 scrolls of fog
 B - a scroll of holy word
 G - 3 scrolls of magic mapping
 M - 4 scrolls of recharging
Potions
 e - 3 potions of brilliance
 f - 3 potions of resistance
 h - a potion of cancellation {unknown}
 s - 4 potions of ambrosia {unknown}
 u - 5 potions of lignification
 v - 3 potions of mutation {unknown}
 w - 2 potions of agility
 z - 12 potions of curing
 C - 3 potions of magic {unknown}
 D - 2 potions of berserk rage
 I - 2 potions of degeneration {unknown}
 R - 2 potions of heal wounds
 T - a potion of flight {unknown}
Books
 c - a manual of Hexes
Comestibles
 d - 16 bread rations
 F - 12 meat rations
 N - 8 fruits
 V - 3 royal jellies


   Skills:
 - Level 10.0 Fighting
 + Level 8.1 Armour
 - Level 10.0 Dodging
 - Level 15.0 Shields
 - Level 15.0 Unarmed Combat
 + Level 9.2 Invocations


You had 16 spell levels left.
You didn't know any spells.

Dungeon Overview and Level Annotations

Branches:
Dungeon (15/15)            Temple (1/1) D:5            Lair (6/6) D:11
 Shoals (0/4) Lair:3        Snake (0/4) Lair:2        Slime (0/5) Lair:5
 Vaults (0/5) D:13         Depths (1/5) D:15
    Orc: D:9-12

Altars:
Ashenzari
Cheibriados
Dithmenos
Elyvilon
Fedhas
Gozag
Hepliaklqana
Kikubaaqudgha
Makhleb
Nemelex Xobeh
Okawaru
Qazlal
Ru
Sif Muna
Trog
Uskayaw
Vehumet
Xom
Yredelemnul
Zin
The Shining One
Jiyva

Shops:
D:12 =   D:14 =   D:15 ?

Portals:
Pandemonium: Depths:1
Trove: D:11 (give +4 shadow dragon scales)

Annotations:
Depths:1 3 runed doors


Innate Abilities, Weirdness & Mutations

You are too large for most types of armour.
You have claws for hands.
Your metabolism is lightning-fast.
You like to eat raw meat.
You heal very quickly.
You are covered in fur. (AC +1)
You have very tough skin. (AC +2)
You are partially covered in icy blue scales. (AC +2)
Your magical capacity is low. (-10% MP)
You are resistant to hostile enchantments. (MR+)


Message History

* * * LOW HITPOINT WARNING * * *
The Brimstone Fiend gestures at you.
The sphere of damnation explodes!
The damnation engulfs you!
* * * LOW HITPOINT WARNING * * *
You are covered in liquid flames!
* * * LOW HITPOINT WARNING * * *
You are covered in liquid flames!
* * * LOW HITPOINT WARNING * * *
You are covered in liquid flames!
You feel more protected from fire.
You see here a book of the Sky.
The Brimstone Fiend gestures at you.
The sphere of damnation explodes!
The damnation engulfs you!
* * * LOW HITPOINT WARNING * * *
The Brimstone Fiend gestures at you.
The sphere of damnation explodes!
The damnation engulfs you!
* * * LOW HITPOINT WARNING * * *
The Brimstone Fiend gestures at you.
The sphere of damnation explodes!
The damnation engulfs you!
You die...

#..'........#C.#
#..##########.##
##...........31#
#..#######.....#
#........######.§.§.#
##'##.........'...§.#
.......#.######§§...#
......##.# #§....#
......##.######§@.§[#
....).'......##§....#
......##)###..'.....#
##..##.# #.##.....#
#...##.###.##.....#
#..###.....##.[...#
###).###'######.....#
....)...............#
##..##..............#


You could see a Brimstone Fiend and a sun demon.

Vanquished Creatures
  Asterion (Depths:1)
  Gastronok (Lair:2)
  Kirke (Lair:5)
  A frost giant (Depths:1)
  2 balrugs (Depths:1)
  5 very ugly things (Depths:1)
  The ghost of polve the Peltast, an adept VSFi of Uskayaw (D:15)
  A stone giant (Depths:1)
  Azrael (D:12)
  A blizzard demon (Depths:1)
  An ettin (Depths:1)
  Snorg (D:13)
  2 fire dragons
  A green death (Depths:1)
  2 ice dragons
  Harold (Lair:2)
  2 ogre magi
  11 hydras
  7 centaur warriors
  A great orb of eyes (Depths:1)
  4 catoblepae
  An anaconda (shapeshifter) (D:15)
  An anaconda (Lair:6)
  2 death knights (D:15)
  18 two-headed ogres
  17 death yaks
  2 deep troll shamans (Depths:1)
  A deep elf knight (D:12)
  An iron troll (Depths:1)
  5 sun demons (Depths:1)
  A skeletal warrior (D:15)
  A torturous demonspawn (Depths:1)
  2 flayed ghosts (Depths:1)
  5 unseen horrors
  Pikel (D:8)
  3 deep trolls (Depths:1)
  A glowing orange brain (D:15)
  2 phantasmal warriors (D:15)
  An orc knight (D:15)
  A wizard (D:14)
  A necromancer (Depths:1)
  A lindwurm (shapeshifter) (Depths:1)
  A lindwurm (Lair:6)
  A manticore (shapeshifter) (D:13)
  A deep elf mage (D:14)
  7 manticores
  25 ugly things
  A wolf spider (D:14)
  A fire giant zombie (Depths:1)
  A frost giant zombie (Depths:1)
  3 cyclopes
  13 elephants
  A moth of wrath (shapeshifter) (Depths:1)
  6 black mambas
  6 molten gargoyles
  The ghost of polve the Carver, a novice VSFi of Uskayaw (D:7)
  7 spiny frogs
  A gargoyle (D:8)
  3 centaur skeletons
  3 kobold demonologists (D:15)
  10 komodo dragons
  2 rime drakes
  6 ice devils (Depths:1)
  2 freezing wraiths (D:15)
  2 trolls (shapeshifter) (D:15)
  A meliai (D:12)
  8 trolls
  The ghost of Zachthehappycat the Slasher, an amateur DsCK of Xom (D:5)
  9 slime creatures
  Grinder (D:5)
  A hornet (D:12)
  8 blink frogs
  6 dream sheep (Lair:5)
  A blink frog (shapeshifter) (D:15)
  A meliai zombie (D:15)
  9 hippogriffs
  5 wraiths
  2 ynoxinuls (Depths:1)
  A centaur simulacrum (D:14)
  2 shadows
  2 water elementals (Depths:1)
  Grum (D:11)
  6 wyverns
  A vampire (D:13)
  6 basilisks
  47 yaks
  2 hogs (Lair:5)
  9 hungry ghosts
  4 fire elementals (D:12)
  A vampire mosquito (D:12)
  A chaos spawn (Depths:1)
  A steam dragon (Lair:6)
  Menkaure (D:5)
  3 nagas (Lair:2)
  2 acid dragons
  36 water moccasins
  5 porcupines
  7 hell hounds
  3 sky beasts
  3 orc warriors
  4 ice beasts
  2 slaves (D:8)
  2 phantoms
  A hornet zombie (D:9)
  2 necrophages
  7 ogres
  A black bear (D:8)
  9 wolves
  The ghost of greprep the Grave Robber, an amateur DDNe (D:3)
  8 centaurs
  11 crocodiles
  22 bullfrogs
  A big kobold (D:12)
  A tengu simulacrum (Depths:1)
  2 wyvern skeletons
  3 scorpions
  3 wights (D:14)
  5 electric eels
  10 howler monkeys
  15 crimson imps
  6 lava snakes
  A quasit (D:12)
  A bullfrog zombie (D:12)
  4 hounds
  6 jellies
  A bullfrog skeleton (D:12)
  5 orc priests
  2 centaur zombies
  An iron imp (Depths:1)
  Ijyb (D:5)
  5 iguanas
  5 orc wizards
  9 worker ants
  2 hound zombies
  Robin (D:4)
  29 adders
  13 gnolls
  A howler monkey skeleton (D:8)
  5 shadow imps
  A white imp (Depths:1)
  An ufetubus (Depths:1)
  An ooze (D:4)
  An adder zombie (D:3)
  2 adder skeletons
  5 worms
  8 leopard geckos
  33 orcs
  A giant cockroach (D:1)
  13 goblins
  8 hobgoblins
  4 quokkas
  7 bats
  3 frilled lizards
  10 kobolds
  14 rats
737 creatures vanquished.

Vanquished Creatures (others)
  3 centaur warriors
  2 centaurs
  A wyvern zombie (D:12)
  A scorpion (D:8)
  A crimson imp (Depths:1)
  An adder (Lair:3)
  13 fungi
  5 plants
27 creatures vanquished.

Grand Total: 764 creatures vanquished

Notes
Turn   | Place    | Note
-------+----------+-------------------------------------------
     0 | D:1      | polve the Troll Fighter began the quest for the Orb.
     0 | D:1      | Reached XP level 1. HP: 22/22 MP: 0/0
    50 | D:1      | Reached XP level 2. HP: 19/29 MP: 1/1
   774 | D:2      | Reached XP level 3. HP: 36/36 MP: 2/2
   803 | D:2      | Found a basalt altar of Yredelemnul.
  1117 | D:2      | Reached XP level 4. HP: 44/44 MP: 3/3
  1873 | D:3      | Reached skill level 5 in Unarmed Combat
  1979 | D:3      | Reached XP level 5. HP: 37/50 MP: 4/4
  2182 | D:3      | Noticed greprep's ghost (amateur DDNe)
  2202 | D:3      | Killed greprep's ghost
  2244 | D:3      | Found a glowing golden altar of the Shining One.
  2693 | D:4      | Noticed Robin
  2695 | D:4      | Killed Robin
  2814 | D:4      | Reached XP level 6. HP: 53/59 MP: 5/5
  2837 | D:4      | Found a sparkling altar of Nemelex Xobeh.
  2843 | D:4      | Found an ancient bone altar of Kikubaaqudgha.
  2910 | D:4      | Found a blossoming altar of Fedhas.
  2919 | D:4      | Found a radiant altar of Vehumet.
  2921 | D:4      | Found a deep blue altar of Sif Muna.
  2930 | D:4      | Got a brightly glowing dagger
  2931 | D:4      | Identified the +9 dagger "Comuofek" {venom, Str+2} (You found it on level 4 of the Dungeon)
  3281 | D:5      | Entered Level 5 of the Dungeon
  3370 | D:5      | Noticed Zachthehappycat's ghost (amateur DsCK)
  3382 | D:5      | Killed Zachthehappycat's ghost
  3382 | D:5      | Reached XP level 7. HP: 17/66 MP: 6/6
  3561 | D:5      | Noticed Grinder
  3566 | D:5      | Killed Grinder
  3666 | D:5      | Noticed Menkaure
  3672 | D:5      | Killed Menkaure
  3672 | D:5      | Reached XP level 8. HP: 41/74 MP: 7/7
  3744 | D:5      | Noticed Ijyb
  3760 | D:5      | Killed Ijyb
  3950 | D:5      | Reached skill level 10 in Unarmed Combat
  4113 | D:5      | Found a staircase to the Ecumenical Temple.
  4253 | Temple   | Entered the Ecumenical Temple
  4378 | Temple   | Became a worshipper of Qazlal Stormbringer
  5316 | D:6      | Paralysed by fainting for 9 turns
  5721 | D:6      | Found a shimmering altar of Xom.
  6003 | D:7      | Noticed polve's ghost (novice VSFi)
  6015 | D:7      | Killed polve's ghost
  6015 | D:7      | Reached XP level 9. HP: 66/85 MP: 8/8
  6189 | D:7      | Reached skill level 5 in Fighting
  6189 | D:7      | Reached skill level 5 in Shields
  6190 | D:7      | Reached * piety under Qazlal
  7321 | D:8      | Found a bloodstained altar of Trog.
  7414 | D:8      | Noticed Pikel
  7447 | D:8      | Killed Pikel
  7447 | D:8      | Reached ** piety under Qazlal
  7447 | D:8      | Reached XP level 10. HP: 69/100 MP: 9/9
  7530 | D:8      | Noticed a gargoyle
  7537 | D:8      | Killed a gargoyle
  7578 | D:8      | Noticed a two-headed ogre
  7584 | D:8      | Killed a two-headed ogre
  7624 | D:8      | Noticed a two-headed ogre
  7630 | D:8      | Killed a two-headed ogre
  7666 | D:8      | Found a white marble altar of Elyvilon.
  8196 | D:9      | Gained mutation: You are resistant to hostile enchantments. (MR+) [mutagenic meat]
  8197 | D:9      | Gained mutation: You are partially covered in icy blue scales. (AC +2) [mutagenic meat]
  8198 | D:9      | Gained mutation: You evolve. [mutagenic meat]
  8199 | D:9      | Gained mutation: Your magical capacity is low. (-10% MP) [mutagenic meat]
  8271 | D:9      | You fall through a shaft for 2 floors!
  8324 | D:11     | Found a staircase to the Lair.
  8390 | D:11     | Found a blossoming altar of Fedhas.
  8506 | D:11     | Found a portal to a secret trove of treasure.
  8509 | D:11     | Noticed a two-headed ogre
  8516 | D:11     | Killed a two-headed ogre
  8523 | D:11     | Reached XP level 11. HP: 50/113 MP: 8/8
  8596 | D:11     | Gained mutation: You tend to lose your temper in combat. [evolution]
  8659 | D:11     | Noticed Grum
  8667 | D:11     | Killed Grum
  8889 | D:11     | Got an ichor-stained robe
  8900 | D:11     | Identified the +1 robe of Lipohef {rCorr} (You found it on level 11 of the Dungeon)
  9060 | D:12     | Noticed an unseen horror
  9068 | D:12     | Killed an unseen horror
  9070 | D:12     | Noticed a two-headed ogre
  9078 | D:12     | Killed a two-headed ogre
  9163 | D:12     | Noticed a red ugly thing
  9168 | D:12     | Killed a red ugly thing
  9279 | D:12     | Noticed a death yak
  9279 | D:12     | Noticed a death yak
  9280 | D:12     | Noticed a death yak
  9280 | D:12     | Noticed a death yak
  9280 | D:12     | Noticed a death yak
  9313 | D:12     | Killed a death yak
  9320 | D:12     | Killed a death yak
  9320 | D:12     | Reached *** piety under Qazlal
  9331 | D:12     | Killed a death yak
  9339 | D:12     | Killed a death yak
  9390 | D:12     | Noticed a two-headed ogre
  9401 | D:12     | Killed a two-headed ogre
  9413 | D:12     | Noticed a death yak
  9446 | D:12     | Killed a death yak
  9446 | D:12     | Reached skill level 10 in Fighting
  9446 | D:12     | Reached skill level 5 in Dodging
  9446 | D:12     | Reached XP level 12. HP: 85/126 MP: 9/9
  9459 | D:12     | Killed a death yak
  9459 | D:12     | Reached skill level 1 in Armour
  9582 | D:12     | Noticed a four-headed hydra
  9589 | D:12     | Killed a four-headed hydra
  9702 | D:12     | Reached **** piety under Qazlal
  9706 | D:12     | Noticed a two-headed ogre
  9714 | D:12     | Killed a two-headed ogre
  9789 | D:12     | Got a glittering wooden ring
  9798 | D:12     | Got an ichor-stained dagger
  9799 | D:12     | Identified the +9 dagger of Terror {drain, +Blink} (You found it on level 12 of the Dungeon)
  9871 | D:12     | Identified the ring of the Robin {rElec rC+ Stlth+} (You found it on level 12 of the Dungeon)
 10077 | D:12     | Noticed Azrael
 10122 | D:12     | Killed Azrael
 10122 | D:12     | Reached skill level 5 in Armour
 10311 | D:12     | Found Ykkiurepu's Jewellery Boutique.
 10436 | D:12     | Reached ***** piety under Qazlal
 10653 | Lair:1   | Entered Level 1 of the Lair of Beasts
 10886 | Lair:1   | Reached XP level 13. HP: 133/133 MP: 10/10
 11286 | Lair:1   | Identified 2 scrolls of acquirement
 12261 | Lair:2   | Noticed Harold
 12273 | Lair:2   | Killed Harold
 12563 | Lair:2   | Noticed Gastronok
 12575 | Lair:2   | Killed Gastronok
 12685 | Lair:2   | Found a staircase to the Snake Pit.
 12874 | Lair:2   | Gained mutation: You heal very quickly. [evolution]
 13334 | Lair:3   | Reached skill level 10 in Shields
 13500 | Lair:3   | Found a staircase to the Shoals.
 13539 | Lair:3   | Reached ****** piety under Qazlal
 14156 | Lair:3   | Lost mutation: You tend to lose your temper in combat. [evolution]
 14156 | Lair:3   | Lost mutation: You evolve. [end of evolution]
 14263 | Lair:4   | Reached skill level 10 in Dodging
 14885 | Lair:4   | Reached XP level 14. HP: 114/143 MP: 8/11
 15880 | Lair:5   | Found a viscous altar of Jiyva.
 15881 | Lair:5   | Found a staircase to the Slime Pits.
 15944 | Lair:5   | Noticed Kirke
 15970 | Lair:5   | Killed Kirke
 16442 | Lair:6   | Entered Level 6 of the Lair of Beasts
 17584 | Lair:6   | Found a large runed door.
 17584 | Lair:6   | Found a large runed door.
 17911 | Lair:1   | Reached XP level 15. HP: 149/149 MP: 12/12
 18128 | D:13     | Noticed Snorg
 18143 | D:13     | Killed Snorg
 18796 | D:13     | Found a gate to the Vaults.
 19539 | D:14     | Found Bopom's Jewellery Shop.
 19783 | D:15     | Entered Level 15 of the Dungeon
 19826 | D:15     | Reached skill level 15 in Unarmed Combat
 19969 | D:15     | Reached skill level 1 in Invocations
 20346 | D:15     | Found a staircase to the Depths.
 20554 | D:15     | Reached XP level 16. HP: 154/158 MP: 14/16
 20830 | D:15     | Reached skill level 5 in Invocations
 20874 | D:15     | Noticed polve's ghost (adept VSFi)
 20883 | D:15     | Killed polve's ghost
 21287 | D:15     | Found Acvis's Magic Scroll Shoppe.
 21444 | Depths:1 | Entered Level 1 of the Depths
 21449 | Depths:1 | Paralysed by a great orb of eyes for 5 turns
 21708 | Depths:1 | Reached skill level 15 in Shields
 21850 | Depths:1 | Noticed Asterion
 21859 | Depths:1 | Noticed an Executioner
 21866 | Depths:1 | Killed Asterion
 22182 | Depths:1 | Found a one-way gate leading to the halls of Pandemonium.
 22283 | Depths:1 | Found a runed gate.
 22283 | Depths:1 | Found a runed gate.
 22283 | Depths:1 | Found a runed gate.
 22283 | Depths:1 | Found a runed gate.
 22283 | Depths:1 | Found a runed gate.
 22283 | Depths:1 | Found a runed gate.
 22333 | Depths:1 | Noticed an Ice Fiend
 22836 | Depths:1 | Reached XP level 17. HP: 166/166 MP: 20/20
 22864 | Depths:1 | Noticed a Brimstone Fiend
 22899 | Depths:1 | Killed from afar by a Brimstone Fiend

Skill      XL: |  1  2  3  4  5  6  7  8  9 10 11 12 13 14 15 16 |
---------------+-------------------------------------------------+-----
Unarmed Combat | 3 4 5 6 8 9 10 11 12 14 15 | 15.0
Fighting       | 4 6 8 10 | 10.0
Shields        | 4 6 8 9 10 12 14 15 | 15.0
Dodging        | 5 7 10 | 10.0
Armour         | 5 6 8 |  8.1
Invocations    | 4 9 |  9.2

Action                   |  1- 3 |  4- 6 |  7- 9 | 10-12 | 13-15 | 16-18 || total
-------------------------+-------+-------+-------+-------+-------+-------++-------
Melee: Unarmed           |   121 |   153 |   283 |   455 |  1245 |   544 ||  2801
       Dagger            |       |     2 |       |    13 |       |       ||    15
Evoke: Wand              |       |       |       |     7 |       |       ||     7
  Use: Scroll            |       |     3 |     3 |    11 |    14 |       ||    31
       Potion            |       |       |       |     1 |       |     2 ||     3
 Stab: Sleeping          |       |     1 |       |       |       |       ||     1
       Petrified         |       |       |       |       |     1 |       ||     1
  Eat: Chunk             |     7 |    17 |    24 |    33 |    93 |    20 ||   194
       Royal jelly       |       |     2 |       |     1 |     1 |       ||     4
       Fruit             |       |     1 |       |       |       |       ||     1
       Bread ration      |       |     1 |       |       |       |       ||     1
       Meat ration       |       |       |     2 |     2 |     1 |       ||     5
Armor: Robe              |    35 |    29 |    28 |    12 |       |       ||   104
       Troll leather arm |       |       |       |    42 |   195 |    44 ||   281
Dodge: Dodged            |    28 |    31 |    65 |   100 |   252 |    90 ||   566
       Deflected         |       |       |       |     1 |     6 |     2 ||     9
Block: Shield            |    39 |    46 |   140 |   313 |    34 |       ||   572
       Reflection        |       |       |       |    15 |    45 |    17 ||    77
       Large shield      |       |       |       |       |  1352 |   479 ||  1831
       Other             |       |       |       |       |     2 |       ||     2
